 Dungeon Sprint DCSS version 0.27.1-33-g824d729ab1 (console) character file.

Game seed: 6931962865680729636

2373 Banquo the Fighter (level 9, -4/76 HPs)
             Began as a Djinni Fighter on Dec 29, 2021.
             Was an Initiate of Ashenzari.
             Slain by a +3 vorpal glaive (10 damage)
             ... in the Dungeon (Sprint V: "Ziggurat Sprint").
             The game lasted 00:08:50 (651 turns).

Banquo the Fighter (Djinni Fighter)                  Turns: 651, Time: 00:08:52

Health: -4/76      AC: 23    Str: 27    XL:     9   Next: 73%
Gold:   0          EV:  1    Int: 13    God:    Ashenzari [......] SH: 31 Dex: 13

rFire    + + +     SeeInvis .   a - +6 shillelagh "Devastator" {shatter}
rCold    . . .     Faith    .   i - +18 shield of the Gong {rElec rN+ Will+ EV-5}
rNeg     + . .     Spirit   .   d - +5 gold dragon scales
rPois    ∞         Reflect  .   (no helmet)
rElec    +         Harm     .   (no cloak)
rCorr    .         Rampage  .   (no gloves)
Will     +....     NoTele   +   (boots unavailable)
Stlth    ..........             F - amulet of regeneration
HPRegen  1.22/turn              q - ring of Supernal Knowledge {Str+6, Evo, Cun} (curse)
MPRegen  0.00/turn              r - +6 ring of strength

@: flying, studying Unarmed Combat
A: sickness immunity, fire resistance 2, cold vulnerability 1, float, innate
caster, hp casting, extra vitality 1
a: Renounce Religion, Shatter the Chains


You were in the Dungeon.
You worshipped Ashenzari.
Ashenzari was noncommittal.
You visited 1 branch

Inventory:

Hand Weapons
 a - the +6 shillelagh "Devastator" (weapon) {shatter}
   (You found it in the Dungeon)

   It releases a powerful concussive burst when it strikes, dealing extra damage
   to the target and all other foes adjacent to them.
 E - a +5 demon trident
Armour
 b - a +0 troll leather armour
 c - a +0 kite shield
 d - +5 gold dragon scales (worn)
 i - the +18 shield of the Gong (worn) {rElec rN+ Will+ EV-5}
   (You found it in the Dungeon)

   It is deafeningly noisy when blocking attacks.
   EV:        It affects your evasion (-5).
   rElec:     It insulates you from electricity.
   rN:        It protects you from negative energy.
   Will:      It increases your willpower.
Jewellery
 m - a +6 ring of dexterity
 n - a +6 ring of dexterity
 o - a +6 ring of intelligence
 p - a +6 ring of intelligence
 q - the cursed ring of Supernal Knowledge (left hand) {Str+6, Evo, Cun}
   (You found it in the Dungeon)

   [ring of strength]

   Str:       It affects your strength (+6).
   It has a curse which improves the following skills: Evocations: Evocations.
   Cunning:   Dodging and Stealth.
 r - a +6 ring of strength (right hand)
 x - the ring "Forus" {rPois rCorr Dex+4}
   (You found it in the Dungeon)

   [ring of resist corrosion]

   Dex:       It affects your dexterity (+4).
   rPois:     It protects you from poison.
   rCorr:     It protects you from acid and corrosion.
 C - the ring of Joy {rC- rN+ Str+6 Int+2 SInv}
   (You found it in the Dungeon)

   [ring of strength]

   Str:       It affects your strength (+6).
   Int:       It affects your intelligence (+2).
   rC:        It makes you vulnerable to cold.
   rN:        It protects you from negative energy.
   SInv:      It lets you see invisible.
 F - an amulet of regeneration (around neck)
 G - an amulet of regeneration
Wands
 j - a wand of mindburst (7)
 k - a wand of iceblast (7)
 l - a wand of acid (7)
Scrolls
 u - 4 scrolls of blinking
 v - 7 scrolls of fog
 w - a scroll of holy word
 y - 2 scrolls of fear
Potions
 e - 10 potions of curing
 f - 10 potions of heal wounds
 g - 6 potions of haste
 h - 3 potions of berserk rage
 z - 2 potions of brilliance
 A - 2 potions of invisibility
 B - 4 potions of resistance
 D - 6 potions of might
Miscellaneous
 s - a lightning rod (4/4)
 t - a phantom mirror
 H - a condenser vane


   Skills:
 * Level 11.5 Fighting
 + Level 6.9 Maces & Flails
 + Level 11.0 Armour
 + Level 2.2(2.6) Dodging
 + Level 11.4 Shields
 * Level 3.4 Spellcasting


You had 5 spell levels left.
You knew the following spells:

 Your Spells              Type           Power      Damage    Failure   Level
a - Freeze                Ice            44%        1d6       95%         1
b - Poisonous Vapours     Pois/Air       22%        N/A       99%         2
c - Lesser Beckoning      Tloc           5%         N/A       100%        3
d - Ozocubu's Armour      Ice            11%        N/A       100%        3
Your spell library was empty.


Dungeon Overview and Level Annotations

Branches:
Dungeon (1/1)

Altars:
Ashenzari
Cheibriados
Dithmenos
Elyvilon
Fedhas
Gozag
Hepliaklqana
Kikubaaqudgha
Makhleb
Nemelex Xobeh
Okawaru
Qazlal
Ru
Sif Muna
Trog
Uskayaw
Vehumet
Wu Jian
Xom
Yredelemnul
Zin
The Shining One
Beogh
Jiyva
Lugonu

Annotations:
D 1 transporter


Innate Abilities, Weirdness & Mutations

You are immune to sickness and miasma.
You are immune to poison.
Your flesh is very heat resistant. (rF++)
You are vulnerable to cold. (rC-)
You float through the air rather than walking.
You learn spells naturally, not from books.
Your magical power is your life essence.
You have superior vitality. (+4 HP)


Message History

You block the water elemental's attack.
GONNNNG!
The deep elf zephyrmancer gestures at you while chanting.
The bolt of lightning hits you! You resist.
* * * LOW HITPOINT WARNING * * *
Unknown command.
Unknown command.
You hit the water elemental.
There is a shattering impact!
You destroy the water elemental!
The water engulfing you falls away.
The deep elf knight is moderately wounded.
The deep elf archer is severely wounded.
The deep elf knight is moderately wounded.
The deep elf knight casts a spell at you.
You block the lance of force.
GONNNNG!
You block the +3 vorpal glaive's attack.
GONNNNG!
The deep elf archer hits you with a +0 short sword!
* * * LOW HITPOINT WARNING * * *
The deep elf knight points at you and mumbles some strange words.
You block the shard of ice.
PANG!
The deep elf knight completely misses you.
The deep elf zephyrmancer gestures wildly while chanting.
The deep elf zephyrmancer blinks!
You hit the deep elf knight.
The deep elf knight, the deep elf archer and the +3 vorpal glaive shudder.
The deep elf knight is moderately wounded.
The deep elf archer is almost dead.
The deep elf knight is moderately wounded.
You block the +3 vorpal glaive's attack.
GONNNNG!
You block the deep elf knight's attack.
PTOANNNG!
The deep elf archer blinks!
The deep elf knight gestures wildly while chanting.
The deep elf knight seems to speed up.
The +3 vorpal glaive hits you from afar!
You die...

▓...©....▓...©....▓
▓▓▓▓▓▓▓▓▓▓▓▓▓▓▓▓▓▓▓
▓..8©8..▓ ▓..}|}..▓
▓.e|e)..▓ ▓.......▓
▓....(..▓ ▓.§e.e..▓
▓...@§..▓ ▓.▓...▓.▓
▓...©...▓ ▓▓▓▓▓▓▓▓▓


You could see a deep elf archer (repels missiles), 2 deep elf knights, a deep
elf zephyrmancer and a +3 vorpal glaive.

Vanquished Creatures
  2 ugly things (D)
  A rime drake (shapeshifter) (D)
  A troll (D)
  A slime creature (D)
  A water elemental (D)
  A golden eye (D)
  2 floating eyes (D)
  An ogre (D)
  2 necrophages (D)
  2 phantoms (D)
  2 jellies (D)
  3 endoplasms (D)
19 creatures vanquished.

Notes
Turn   | Place    | Note
-------+----------+-------------------------------------------
     0 | D        | Banquo the Djinni Fighter began the quest for the Orb.
     0 | D        | Reached XP level 1. HP: 20/20 MP: 0/0
     0 | D        | Found a bloodstained altar of Trog.
     0 | D        | Found a sacrificial altar of Ru.
     0 | D        | Found a stormy altar of Qazlal.
     0 | D        | Found an iron altar of Okawaru.
     3 | D        | Found a sparkling altar of Nemelex Xobeh.
     3 | D        | Found the +6 Majin-Bo {vamp, MP+6 Int+6}
     3 | D        | Found the +9 heavy crossbow "Sniper" {vorpal, Acc+∞ SInv}
     3 | D        | Found the +10 dark maul {vorpal}
     3 | D        | Found the +15 Maxwell's patent armour {-Cast -Tele rElec
                  | Will+ rCorr}
     3 | D        | Found the +18 shield of the Gong {rElec rN+ Will+ EV-5}
     3 | D        | Found the +14 obsidian axe {vorpal, Mesm Drain Fly SInv}
     3 | D        | Found the +7 great mace "Firestarter" {inner flame, rF++}
     3 | D        | Found the +6 shillelagh "Devastator" {shatter}
     3 | D        | Found the +11 plutonium sword {Contam Stlth-}
     3 | D        | Found the +8 lance "Wyrmbane" {slay drac, rPois rF+ rC+
                  | AC+3}
     3 | D        | Found the +9 sword of Zonguldrok {reap}
     3 | D        | Found the +13 scythe of Curses {drain, Drain}
     3 | D        | Found the +5 sword of Power {vorpal}
     3 | D        | Found the +7 mace of Variability {chain chaos}
     3 | D        | Found the +7 Singing Sword {vorpal, sonic wave}
     3 | D        | Found the +8 storm bow {elec, penet}
     5 | D        | Found a corrupted altar of Lugonu.
     5 | D        | Found a burning altar of Makhleb.
     5 | D        | Found a transporter.
     5 | D        | Found a viscous altar of Jiyva.
     5 | D        | Found a hazy altar of Hepliaklqana.
     7 | D        | Banished a spatial maelstrom
    31 | D        | Found an opulent altar of Gozag.
    32 | D        | Found a blossoming altar of Fedhas.
    64 | D        | Became a worshipper of Ashenzari the Shackled
    98 | D        | Reached XP level 2. HP: 27/27 MP: 0/0
   100 | D        | Entered arena 2.
   100 | D        | Identified the Volume of the Snowflakes and Sinister
                  | Secrets
   100 | D        | Noticed an ogre
   100 | D        | Noticed a troll
   100 | D        | Found a transporter.
   104 | D        | Killed an ogre
   105 | D        | Reached skill level 5 in Armour
   105 | D        | Reached skill level 5 in Shields
   105 | D        | Reached XP level 3. HP: 4/34 MP: 0/0
   105 | D        | Learned a level 1 spell: Freeze
   105 | D        | Reached XP level 4. HP: 5/40 MP: 0/0
   105 | D        | Killed a troll
   106 | D        | Reached XP level 5. HP: 6/48 MP: 0/0
   106 | D        | Learned a level 2 spell: Poisonous Vapours
   106 | D        | Reached XP level 6. HP: 7/54 MP: 0/0
   364 | D        | Entered arena 3.
   364 | D        | Noticed a tengu
   364 | D        | Noticed a green ugly thing
   364 | D        | Noticed a red ugly thing
   364 | D        | Found a transporter.
   370 | D        | Killed a red ugly thing
   371 | D        | Reached XP level 7. HP: 54/61 MP: 0/0
   371 | D        | Learned a level 3 spell: Lesser Beckoning
   372 | D        | Noticed a rime drake
   372 | D        | a tengu changed into a rime drake
   377 | D        | Killed a rime drake
   378 | D        | Reached skill level 10 in Fighting
   378 | D        | Reached skill level 5 in Maces & Flails
   378 | D        | Reached XP level 8. HP: 38/68 MP: 0/0
   382 | D        | Killed a red ugly thing
   383 | D        | Reached skill level 10 in Armour
   383 | D        | Reached skill level 10 in Shields
   523 | D        | Entered arena 4.
   523 | D        | Identified the Compendium of the Hurtful Glacier
   523 | D        | Noticed a slime creature
   523 | D        | Found a transporter.
   527 | D        | Paralysed by a floating eye for 4 turns
   532 | D        | Reached XP level 9. HP: 74/75 MP: 0/0
   532 | D        | Learned a level 3 spell: Ozocubu's Armour
   541 | D        | Killed a slime creature
   552 | D        | Entered arena 5.
   552 | D        | Identified the ring "Forus" {rPois rCorr Dex+4}
   552 | D        | Identified the ring of Joy {rC- rN+ Str+6 Int+2 SInv}
   552 | D        | Found a transporter.
   586 | D        | Entered arena 6.
   586 | D        | Identified the Volume of Moulding
   586 | D        | Found a transporter.
   588 | D        | Paralysed by a floating eye for 3 turns
   644 | D        | Entered arena 7.
   644 | D        | Found the +8 autumn katana {vorpal, Clar}
   644 | D        | Noticed a deep elf zephyrmancer
   644 | D        | Noticed a deep elf archer
   644 | D        | Noticed a deep elf knight
   644 | D        | Noticed a deep elf knight
   644 | D        | Noticed a +3 vorpal glaive
   645 | D        | Found a transporter.
   651 | D        | Slain by a +3 vorpal glaive

Illustrated notes

Levels and vault maps discovered:
D:        sprint_v [room_start, room_1, room_2, room_3, room_4, room_5, room_6,
          room_7, room_8, room_9, room_10, room_11, room_12, room_13, room_14,
          room_15, room_16, room_17, room_18, room_19, room_20, room_21,
          room_22, room_23, room_24, room_25, room_26, room_27]

Skill      XL: |  1  2  3  4  5  6  7  8  9 |
---------------+----------------------------+-----
Fighting       | 4 6 8 9 10 11 | 11.5
Maces & Flails | 2 3 4 5 6 |  6.9
Armour         | 4 5 7 9 10 11 | 11.0
Dodging        | 2 |  2.2
Shields        | 4 5 7 8 9 10 11 | 11.4
Spellcasting   | 2 3 |  3.4

Action                   |  1- 3 |  4- 6 |  7- 9 || total
-------------------------+-------+-------+-------++-------
Melee: Shillelagh        |     3 |     4 |    57 ||    64
Invok: Curse Item        |       |       |     1 ||     1
  Use: Potion            |     1 |       |       ||     1
Armor: Gold dragon scale |     3 |     1 |    15 ||    19
Dodge: Dodged            |       |       |     3 ||     3
Block: Kite shield       |     7 |     4 |    58 ||    69
